 Dungeon Crawl Stone Soup version 0.31-a0-229-g1fc7ce93e2 (webtiles) character file.

Game seed: 18277130675603223435

51177 qw the Marksminotaur (level 14, -6/129 HPs)
             Began as a Minotaur Hexslinger on July 6, 2023.
             Was a High Priest of Okawaru.
             Mangled by a large abomination (67 damage)
             ... on level 5 of the Lair of Beasts.
             The game lasted 00:07:25 (12831 turns).

qw the Marksminotaur (Minotaur Hexslinger)         Turns: 12831, Time: 00:07:25

Health: -6/129     AC: 13    Str: 18    XL:     14   Next: 22%
Magic:  18/20      EV:  2    Int: 12    God:    Okawaru [*****.]
Gold:   1398       SH:  0    Dex: 16    Spells: 14/15 levels left

rFire   + . .        v - +1 longbow of Qomeav {freeze, rElec Int+2}
rCold   + . .        (shield currently unavailable)
rNeg    . . .        t - +2 leather armour {rPois}
rPois   +            (helmet restricted)
rElec   +            q - scarf "Ydixuhek" {rC+ rF+, *Slow Str+3 Slay+3}
rCorr   .            p - +2 pair of gloves
SInv    +            n - +2 pair of boots
Will    +....        i - amulet of regeneration
Stlth   +++          m - +5 ring of evasion
HPRegen 0.00/turn    f - ring of see invisible
MPRegen 0.17/turn

%: slow self (1%)
@: sleeping, heroic, sick
A: horns 2, retaliatory headbutt
a: Renounce Religion, Heroism, Finesse, Duel


You were on level 5 of the Lair of Beasts.
You worshipped Okawaru.
Okawaru was extremely pleased with you.
You visited 3 branches of the dungeon, and saw 15 of its levels.

You collected 1921 gold pieces.
You spent 523 gold pieces at shops.


Innate Abilities, Weirdness & Mutations

You have a pair of horns on your head.
You reflexively headbutt those who attack you in melee.


   Skills:
 - Level 13.0(18.0) Fighting
 + Level 19.8(24.8) Ranged Weapons
 - Level 5.0(10.0) Armour
 - Level 9.0(14.0) Dodging
 - Level 1.0 Spellcasting
 - Level 2.0 Hexes
 - Level 10.0 Invocations


You had 14 spell levels left.
You knew the following spells:

 Your Spells              Type           Power      Damage    Failure   Level
a - Slow                  Hex            20%        N/A       16%         1

Your spell library contained the following spells:

 Spells                   Type           Power      Damage    Failure   Level
 Inner Flame              Hex/Fire       3%         N/A       56%         3
 Portal Projectile        Hex/Tloc       6%         N/A       56%         3
 Cause Fear               Hex            2%         N/A       83%         4

Inventory:

Hand Weapons
 v - the +1 longbow of Qomeav (weapon) {freeze, rElec Int+2}
   (Okawaru gifted it to you on level 3 of the Lair of Beasts)

   Int:       It affects your intelligence (+2).
   rElec:     It insulates you from electricity.
Armour
 a - a +2 cloak
 h - a +2 robe of willpower
 n - a +2 pair of boots (worn)
 p - a +2 pair of gloves (worn)
 q - the scarf "Ydixuhek" (worn) {rC+ rF+, *Slow Str+3 Slay+3}
   (Okawaru gifted it to you on level 4 of the Lair of Beasts)

   Str:       It affects your strength (+3).
   Slay:      It affects your accuracy & damage with ranged weapons and melee
   (+3).
   *Slow:     It may slow you when you take damage.
 t - a +2 leather armour of poison resistance (worn)
Jewellery
 f - a ring of see invisible (right hand)
 i - an amulet of regeneration (around neck)
 m - a +5 ring of evasion (left hand)
 o - a ring of positive energy
 w - a ring of protection from fire
Scrolls
 e - 4 scrolls of enchant armour
 j - 3 scrolls of identify
Potions
 b - 4 potions of curing
 c - a potion of resistance
 d - a potion of magic
 g - 3 potions of mutation
 k - a potion of cancellation
 l - 5 potions of might
 r - a potion of haste
 s - 2 potions of enlightenment
 u - a potion of attraction {unknown}

Dungeon Overview and Level Annotations

Branches:
Dungeon (9/15)             Temple (1/1) D:4            Lair (5/5) D:9
 Shoals (0/4) Lair:2       Spider (0/4) Lair:2        Slime (0/5) Lair:4
    Orc (0/2) D:9

Altars:
Ashenzari
Cheibriados
Dithmenos
Elyvilon
Fedhas
Gozag
Hepliaklqana
Kikubaaqudgha
Makhleb
Nemelex Xobeh
Okawaru
Ru
Sif Muna
Trog
Uskayaw
Vehumet
Wu Jian
Xom
Zin
The Shining One
Jiyva

Shops:
D:8 !?[*

Portals:
Bailey: D:7


Message History

The thrashing horror roars!
12827 ||| INVOKING Heroism.
You gain the combat prowess of a mighty hero.
You can no longer enter into single combat with a foe.
Okawaru will no longer gift you equipment.
The thrashing horror tramples you.
You stumble backwards!
Found a wolf skeleton.
The large abomination completely misses you.
You furiously retaliate!
You headbutt the large abomination, but do no damage.
The dream sheep bites you but does no damage.
You shoot an arrow. The arrow hits the thrashing horror!!
The arrow freezes the thrashing horror.
You destroy the thrashing horror!
Okawaru accepts your kill.
You shoot an arrow. The arrow hits the dream sheep!
The arrow freezes the dream sheep.
The dream sheep is almost dead.
A dream sheep comes into view.
The dream sheep barely misses you.
The large abomination closely misses you.
You furiously retaliate!
You headbutt the large abomination! You shoot an arrow.
The arrow hits the dream sheep!!
The arrow freezes the dream sheep.
You kill the dream sheep!
Okawaru accepts your kill.
You can now enter into single combat with a foe.
Okawaru will now gift you equipment as you gain piety.
The thrashing horror completely misses you.
The thrashing horror closely misses you.
The large abomination closely misses you.
You shoot an arrow. The arrow hits the large abomination!
The arrow freezes the large abomination.
The large abomination is severely damaged.
The thrashing horror closely misses you.
The thrashing horror tramples you but does no damage.
The dream sheep ruffle their wool and motes of dream dust sparkle, to no effect.
The dream sheep are wreathed in dream dust.
You feel drowsy...
You fall asleep.
The large abomination hits you!!!
Ouch! That really hurt!
You die... ## 77....7 .## ... 7.....7 .P#### 77 Y.7 7..77..77 ..P..# 7.7x(7 7.. 7..)7 ....## 7%.%.77 7.7 77.[7 ....# ### 7YY7..7 ..77 77%7

....####.##77 7YY.7.7
77..7777.7
.....##...#.77 7YXX.7
77.. 7..7
...##........777@X.7
7... 7.77
.###..........7777.77
7.777.77
####..........7
7..777 7..7...7
###...........7
77..(7777......7
.P............777
7....77..7...77
................7
77.7.7..777..7
................7
7777..77 7..7
................7


7777 7.77 #...............# 7.7 You could see an ancient zyme, a thrashing
horror, 2 large abominations and 6 dream sheep.

Vanquished Creatures
  4 hydras
  2 two-headed ogres
  15 death yaks
  Erica (D:8)
  3 boulder beetles
  A thrashing horror (Lair:5)
  A fire crab (Lair:4)
  3 skysharks
  Amaemon (Lair:2)
  A lindwurm (Lair:5)
  An ugly thing (Lair:5)
  2 oklob plants (Lair:4)
  9 elephants
  8 black mambas
  6 cane toads
  2 smoke demons (Lair:5)
  An orange demon (Lair:2)
  6 komodo dragons
  A rime drake (Lair:4)
  An ancient zyme (Lair:5)
  A wind drake (shapeshifter) (Lair:5)
  4 polar bears
  26 blink frogs
  2 hornets
  A dream sheep (Lair:5)
  3 ynoxinuls (Lair:5)
  Sigmund (D:3)
  8 small abominations (Lair:5)
  4 culicivoras (Lair:2)
  7 wyverns
  2 large abominations (Lair:5)
  26 yaks
  8 basilisks
  14 water moccasins
  A floating eye (Lair:4)
  A black bear (D:8)
  5 orc warriors (D:9)
  An ice beast (D:7)
  11 wolves
  An ogre (D:7)
  2 phantoms
  A kobold brigand (D:8)
  18 bullfrogs
  3 scorpions
  8 wights
  6 electric eels
  2 howler monkeys
  2 gnoll boudas
  9 jellies
  2 orc priests
  2 hounds
  3 sleepcaps
  3 iguanas
  Natasha (thrice) (D:3)
  4 hell rats (Lair:1)
  13 orc wizards
  9 gnolls
  9 adders
  A shadow imp (D:7)
  2 white imps
  2 worms
  4 dart slugs
  16 orcs
  10 ball pythons
  6 endoplasms
  15 giant cockroaches
  10 goblins
  8 hobgoblins
  9 jackals
  3 quokkas
  5 bats
  3 frilled lizards
  14 kobolds
  8 rats
411 creatures vanquished.

Notes
Turn   | Place    | Note
-------+----------+-------------------------------------------
     0 | D:1      | qw the Minotaur Hexslinger began the quest for the Orb.
     0 | D:1      | Reached XP level 1. HP: 16/16 MP: 1/1
     0 | D:1      | 0 ||| qw: Version: 0.3-a-46-gb1f654a
     0 | D:1      | 0 ||| qw: Game counter: 1593
     0 | D:1      | 0 ||| qw: Melee chars always use a shield: true
     0 | D:1      | 0 ||| qw: God list: Okawaru
     0 | D:1      | 0 ||| qw: Allow faded altars: false
     0 | D:1      | 0 ||| qw: Do Orc after clearing Dungeon:15 true
     0 | D:1      | 0 ||| qw: Do second Lair branch before Depths: true
     0 | D:1      | 0 ||| qw: Lair rune preference: random
     0 | D:1      | 0 ||| qw: Goals: Normal
     0 | D:1      | 0 ||| PLANNING D:1-11
    93 | D:1      | 93 ||| FLEEEEING.
   118 | D:1      | Reached skill level 3 in Ranged Weapons
   131 | D:1      | Reached XP level 2. HP: 23/23 MP: 2/2
   433 | D:1      | Reached XP level 3. HP: 28/29 MP: 3/3
   581 | D:1      | 581 ||| UPGRADING to +0 ring mail.
   591 | D:1      | 591 ||| DROPPING +0 robe.
   592 | D:1      | 592 ||| READING scroll labelled NIKLE GOOKLA.
   593 | D:1      | 593 ||| DROPPING scroll of poison.
   786 | D:2      | Reached skill level 4 in Ranged Weapons
   866 | D:2      | Reached skill level 1 in Armour
   883 | D:2      | Identified the +3 hand axe "Aghi" {heavy, rElec Int+5
                  | Dex-3}
  1123 | D:2      | Reached XP level 4. HP: 36/36 MP: 4/4
  1644 | D:2      | 1644 ||| UPGRADING to amulet of regeneration.
  1649 | D:2      | 1649 ||| DROPPING ring of wizardry.
  1650 | D:2      | 1650 ||| READING scroll labelled VAECRUOMUNG.
  1651 | D:2      | 1651 ||| READING scroll labelled DUEMAV FAGGO.
  1791 | D:3      | Noticed a scorpion
  1806 | D:3      | Killed a scorpion
  1807 | D:3      | Reached skill level 5 in Ranged Weapons
  1807 | D:3      | Reached XP level 5. HP: 30/41 MP: 5/5
  2038 | D:3      | Noticed Natasha
  2049 | D:3      | Killed Natasha
  2050 | D:3      | Reached skill level 3 in Fighting
  2135 | D:3      | Noticed Natasha
  2146 | D:3      | Killed Natasha
  2244 | D:3      | Noticed Natasha
  2254 | D:3      | Killed Natasha
  2287 | D:3      | Noticed Sigmund
  2305 | D:3      | Killed Sigmund
  2306 | D:3      | Reached skill level 7 in Ranged Weapons
  2306 | D:3      | Reached XP level 6. HP: 48/51 MP: 6/6
  2444 | D:3      | 2444 ||| READING 2 scrolls of identify.
  2444 | D:3      | 2444 ||| IDENTIFYING murky white potion
  2445 | D:3      | 2445 ||| DROPPING potion of berserk rage.
  2529 | D:4      | Found a staircase to the Ecumenical Temple.
  2530 | D:4      | 2530 ||| PLANNING TEMPLE
  2538 | Temple   | Entered the Ecumenical Temple
  2685 | Temple   | 2685 ||| PLANNING OKAWARU WORSHIP
  2711 | Temple   | Became a worshipper of Warmaster Okawaru
  2712 | Temple   | 2712 ||| PLANNING D:1-11
  2905 | D:4      | Identified the +8 hand axe of the Shining Light {speed,
                  | Will+ SInv}
  3015 | D:4      | You fall into a shaft and drop 1 floor!
  3015 | D:5      | Entered Level 5 of the Dungeon
  3018 | D:5      | 3018 ||| UPGRADING to +2 cloak.
  3023 | D:5      | 3023 ||| READING scroll labelled HUEPNU OLURAT.
  3250 | D:4      | 3250 ||| SWAPPING to +0 orcbow.
  3251 | D:4      | 3251 ||| DROPPING +1 sling.
  3386 | D:4      | 3386 ||| UPGRADING to +5 ring of evasion.
  3387 | D:4      | 3387 ||| READING scroll labelled AFOUPH NORA.
  3388 | D:4      | 3388 ||| DRINKING 2 sapphire potions.
  3389 | D:4      | 3389 ||| DRINKING 2 fizzy grey potions.
  3436 | D:5      | Reached XP level 7. HP: 50/59 MP: 7/7
  3769 | D:5      | Reached skill level 8 in Ranged Weapons
  4010 | D:5      | 4010 ||| UPGRADING to +0 pair of boots.
  4015 | D:5      | 4015 ||| UPGRADING to ring of positive energy.
  4016 | D:5      | 4016 ||| READING scroll labelled FIUVAKLO NUGY.
  4017 | D:5      | 4017 ||| READING 2 scrolls labelled EFOTHE YZXEUPT.
  4018 | D:5      | 4018 ||| READING scroll of enchant armour.
  4018 | D:5      | 4018 ||| ENCHANTING +0 pair of boots.
  4019 | D:5      | 4019 ||| DRINKING 2 white potions.
  4020 | D:5      | 4020 ||| DROPPING potion of brilliance.
  4123 | D:6      | Reached * piety under Okawaru
  4135 | D:6      | 4135 ||| INVOKING Heroism.
  4231 | D:6      | 4231 ||| READING scroll of enchant weapon.
  4231 | D:6      | 4231 ||| ENCHANTING +1 orcbow.
  4251 | D:6      | Reached skill level 1 in Invocations
  4251 | D:6      | Reached XP level 8. HP: 68/68 MP: 8/8
  4290 | D:6      | 4290 ||| INVOKING Heroism.
  4296 | D:6      | Reached skill level 9 in Ranged Weapons
  4332 | D:6      | 4332 ||| INVOKING Heroism.
  4390 | D:6      | 4390 ||| READING scroll of enchant armour.
  4390 | D:6      | 4390 ||| ENCHANTING +1 pair of boots.
  4653 | D:6      | Reached skill level 6 in Fighting
  4663 | D:6      | Reached skill level 3 in Dodging
  4685 | D:6      | 4685 ||| READING 2 scrolls labelled HEATAZXOSTE.
  4686 | D:6      | 4686 ||| DROPPING scroll of revelation.
  4845 | D:7      | 4845 ||| Stepping ~*~*~tactically~*~*~ (outnumbered).
  4856 | D:7      | 4856 ||| INVOKING Heroism.
  4895 | D:7      | Noticed a hornet
  4899 | D:7      | Paralysed by a hornet for 1 turns
  4901 | D:7      | Killed a hornet
  4902 | D:7      | Reached skill level 10 in Ranged Weapons
  4936 | D:7      | Reached skill level 3 in Armour
  4963 | D:7      | Reached skill level 3 in Invocations
  5113 | D:7      | Found a flagged portal.
  5144 | D:7      | Reached XP level 9. HP: 73/78 MP: 10/10
  5296 | D:7      | 5296 ||| UPGRADING to +2 robe of willpower.
  5306 | D:7      | 5306 ||| DROPPING +0 ring mail.
  5307 | D:7      | 5307 ||| UPGRADING to ring of see invisible.
  5329 | D:8      | Found Omegaerch's Magic Scroll Emporium.
  5353 | D:8      | 5353 ||| BUYING scroll of enchant armour (75 gold).
  5353 | D:8      | Bought a scroll of enchant armour for 75 gold pieces
  5353 | D:8      | 5353 ||| BUYING scroll of enchant armour (75 gold).
  5353 | D:8      | Bought a scroll of enchant armour for 75 gold pieces
  5353 | D:8      | 5353 ||| BUYING scroll of identify (20 gold).
  5353 | D:8      | Bought a scroll of identify for 20 gold pieces
  5353 | D:8      | 5353 ||| BUYING scroll of identify (20 gold).
  5353 | D:8      | Bought a scroll of identify for 20 gold pieces
  5353 | D:8      | 5353 ||| BUYING scroll of identify (20 gold).
  5353 | D:8      | Bought a scroll of identify for 20 gold pieces
  5353 | D:8      | 5353 ||| BUYING scroll of identify (20 gold).
  5353 | D:8      | Bought a scroll of identify for 20 gold pieces
  5363 | D:8      | Found Jericla's Jewellery Boutique.
  5383 | D:8      | Noticed Erica
  5384 | D:8      | 5384 ||| INVOKING Heroism.
  5396 | D:8      | Killed Erica
  5397 | D:8      | HP: 19/78 [poisoned by Erica (bolt of poison)]
  5402 | D:8      | HP: 18/78 [poisoned by Erica (bolt of poison)]
  5484 | D:8      | 5484 ||| INVOKING Heroism.
  5516 | D:8      | 5516 ||| INVOKING Heroism.
  5560 | D:8      | Found Pimyebb's General Store.
  5564 | D:8      | 5564 ||| BUYING potion of might (56 gold).
  5564 | D:8      | Bought a potion of might for 56 gold pieces
  5564 | D:8      | 5564 ||| BUYING scroll of enchant weapon (105 gold).
  5564 | D:8      | Bought a scroll of enchant weapon for 105 gold pieces
  5564 | D:8      | 5564 ||| READING scroll of enchant weapon.
  5564 | D:8      | 5564 ||| ENCHANTING +2 orcbow.
  5583 | D:8      | 5583 ||| INVOKING Heroism.
  5607 | D:8      | Found Wuer's Distillery.
  5608 | D:8      | 5608 ||| INVOKING Heroism.
  5634 | D:8      | 5634 ||| BUYING potion of cancellation (96 gold).
  5634 | D:8      | Bought a potion of cancellation for 96 gold pieces
  5634 | D:8      | 5634 ||| SHOPLISTING potion of cancellation (96 gold, have
                  | 60).
  5634 | D:8      | 5634 ||| BUYING potion of curing (36 gold).
  5634 | D:8      | Bought a potion of curing for 36 gold pieces
  5634 | D:8      | 5634 ||| SHOPLISTING potion of curing (36 gold, have 24).
  5634 | D:8      | 5634 ||| SHOPLISTING potion of enlightenment (60 gold, have
                  | 24).
  5754 | D:8      | 5754 ||| INVOKING Heroism.
  5755 | D:8      | 5755 ||| READING scroll labelled ICREMN ACSUR FOAB.
  5871 | D:8      | 5871 ||| INVOKING Heroism.
  5872 | D:8      | 5872 ||| READING 5 scrolls of identify.
  5872 | D:8      | 5872 ||| IDENTIFYING fizzy yellow potion
  5873 | D:8      | 5873 ||| READING 4 scrolls of identify.
  5873 | D:8      | 5873 ||| IDENTIFYING lumpy puce potion
  5933 | D:8      | Found Toeryxt's Armour Emporium.
  5937 | D:8      | Noticed a two-headed ogre
  5938 | D:8      | 5938 ||| INVOKING Heroism.
  5948 | D:8      | Killed a two-headed ogre
  5949 | D:8      | Reached skill level 11 in Ranged Weapons
  5972 | D:8      | 5972 ||| FLEEEEING.
  6381 | D:9      | Noticed a two-headed ogre
  6382 | D:9      | 6382 ||| INVOKING Heroism.
  6390 | D:9      | Killed a two-headed ogre
  6390 | D:9      | Reached ** piety under Okawaru
  6391 | D:9      | Reached skill level 12 in Ranged Weapons
  6391 | D:9      | Reached XP level 10. HP: 86/86 MP: 9/12
  6417 | D:9      | Found a staircase to the Lair.
  6430 | D:9      | 6430 ||| INVOKING Heroism.
  6540 | D:9      | Paralysed by a hornet for 1 turns
  6618 | D:9      | 6618 ||| Stepping ~*~*~tactically~*~*~ (outnumbered).
  6620 | D:9      | 6620 ||| Stepping ~*~*~tactically~*~*~ (outnumbered).
  6624 | D:9      | 6624 ||| Stepping ~*~*~tactically~*~*~ (outnumbered).
  6626 | D:9      | 6626 ||| INVOKING Heroism.
  6851 | D:9      | 6851 ||| Stepping ~*~*~tactically~*~*~ (outnumbered).
  6853 | D:9      | 6853 ||| Stepping ~*~*~tactically~*~*~ (outnumbered).
  6857 | D:9      | 6857 ||| INVOKING Heroism.
  6863 | D:9      | 6863 ||| Stepping ~*~*~tactically~*~*~ (outnumbered).
  6875 | D:9      | Reached skill level 13 in Ranged Weapons
  6890 | D:9      | 6890 ||| INVOKING Heroism.
  6949 | D:9      | Found a staircase to the Orcish Mines.
  7069 | D:9      | 7069 ||| PLANNING LAIR
  7069 | D:9      | 7069 ||| UPGRADING to +0 pair of gloves.
  7074 | D:9      | 7074 ||| READING 3 scrolls of enchant armour.
  7074 | D:9      | 7074 ||| ENCHANTING +0 pair of gloves.
  7075 | D:9      | 7075 ||| READING 2 scrolls of enchant armour.
  7075 | D:9      | 7075 ||| ENCHANTING +1 pair of gloves.
  7076 | D:9      | 7076 ||| READING 3 scrolls labelled NESMANN AMMU.
  7079 | D:9      | 7079 ||| DRINKING 2 cyan potions.
  7104 | D:9      | 7104 ||| READING 3 scrolls of identify.
  7104 | D:9      | 7104 ||| IDENTIFYING bubbling puce potion
  7105 | D:9      | 7105 ||| DROPPING potion of lignification.
  7161 | Lair:1   | Entered Level 1 of the Lair of Beasts
  7161 | Lair:1   | Noticed a cane toad
  7162 | Lair:1   | 7162 ||| INVOKING Heroism.
  7169 | Lair:1   | Killed a cane toad
  7170 | Lair:1   | Reached skill level 9 in Fighting
  7204 | Lair:1   | Reached skill level 6 in Dodging
  7215 | Lair:1   | Reached *** piety under Okawaru
  7304 | Lair:1   | 7304 ||| INVOKING Heroism.
  7596 | Lair:1   | Noticed a boulder beetle
  7597 | Lair:1   | 7597 ||| INVOKING Heroism.
  7614 | Lair:1   | 7614 ||| INVOKING Heroism.
  7628 | Lair:1   | Killed a boulder beetle
  7629 | Lair:1   | Reached skill level 14 in Ranged Weapons
  7629 | Lair:1   | Reached XP level 11. HP: 70/97 MP: 11/13
  7852 | Lair:1   | 7852 ||| READING scroll of enchant weapon.
  7852 | Lair:1   | 7852 ||| ENCHANTING +3 orcbow.
  7856 | Lair:1   | 7856 ||| INVOKING Heroism.
  8141 | Lair:1   | 8141 ||| READING 2 scrolls labelled PAUPEL ERAOR.
  8142 | Lair:1   | 8142 ||| READING 5 scrolls of identify.
  8142 | Lair:1   | 8142 ||| IDENTIFYING coppery potion
  8143 | Lair:1   | 8143 ||| DROPPING scroll of noise.
  8162 | Lair:2   | 8162 ||| INVOKING Heroism.
  8197 | Lair:2   | Reached **** piety under Okawaru
  8205 | Lair:2   | 8205 ||| Stepping ~*~*~tactically~*~*~ (outnumbered).
  8208 | Lair:2   | 8208 ||| INVOKING Heroism.
  8212 | Lair:2   | HP: 22/99 [culicivora (9)]
  8213 | Lair:2   | 8213 ||| READING 3 scrolls of teleportation.
  8213 | Lair:2   | HP: 1/99 [culicivora (14)]
  8218 | Lair:2   | Found a hole to the Spider Nest.
  8219 | Lair:2   | 8219 ||| READING 2 scrolls of teleportation.
  8230 | Lair:2   | 8230 ||| READING scroll of teleportation.
  8236 | Lair:2   | 8236 ||| INVOKING Heroism.
  8337 | Lair:2   | 8337 ||| INVOKING Heroism.
  8340 | Lair:2   | Noticed a skyshark
  8352 | Lair:2   | Killed a skyshark
  8353 | Lair:2   | Reached skill level 15 in Ranged Weapons
  8438 | Lair:2   | 8438 ||| INVOKING Heroism.
  8527 | Lair:2   | Reached skill level 6 in Invocations
  8724 | Lair:2   | 8724 ||| INVOKING Heroism.
  8783 | Lair:2   | Reached ***** piety under Okawaru
  8864 | Lair:2   | 8864 ||| INVOKING Heroism.
  8896 | Lair:2   | 8896 ||| INVOKING Heroism.
  8960 | Lair:2   | Found a staircase to the Shoals.
  9057 | Lair:2   | Noticed Amaemon
  9058 | Lair:2   | 9058 ||| INVOKING Heroism.
  9059 | Lair:2   | 9059 ||| Stepping ~*~*~tactically~*~*~ (outnumbered).
  9073 | Lair:2   | Killed Amaemon
  9310 | Lair:2   | 9310 ||| READING scroll labelled QATOSA PORPHILI.
  9311 | Lair:2   | 9311 ||| READING 4 scrolls of identify.
  9311 | Lair:2   | 9311 ||| IDENTIFYING bubbling orange potion
  9312 | Lair:2   | 9312 ||| DROPPING potion of ambrosia.
  9337 | Lair:3   | 9337 ||| INVOKING Heroism.
  9347 | Lair:3   | Reached XP level 12. HP: 98/106 MP: 14/16
  9358 | Lair:3   | Reached skill level 16 in Ranged Weapons
  9371 | Lair:3   | 9371 ||| INVOKING Heroism.
  9375 | Lair:3   | Noticed a seven-headed hydra
  9387 | Lair:3   | Killed a seven-headed hydra
  9489 | Lair:3   | 9489 ||| INVOKING Heroism.
  9818 | Lair:3   | Noticed a death yak
  9818 | Lair:3   | Noticed a death yak
  9819 | Lair:3   | Noticed a death yak
  9819 | Lair:3   | 9819 ||| INVOKING Heroism.
  9820 | Lair:3   | 9820 ||| INVOKING Finesse.
  9825 | Lair:3   | Noticed a death yak
  9841 | Lair:3   | Killed a death yak
  9842 | Lair:3   | Reached skill level 9 in Invocations
  9850 | Lair:3   | Killed a death yak
  9857 | Lair:3   | Noticed a death yak
  9862 | Lair:3   | Killed a death yak
  9880 | Lair:3   | Killed a death yak
  9880 | Lair:3   | Identified the +1 longbow of Qomeav {freeze, rElec Int+2}
                  | (Okawaru gifted it to you on level 3 of the Lair of Beasts)
  9880 | Lair:3   | Received a gift from Okawaru
  9884 | Lair:3   | Killed a death yak
  9910 | Lair:3   | 9910 ||| SWAPPING to +1 longbow of Qomeav {freeze, rElec
                  | Int+2}.
  9911 | Lair:3   | 9911 ||| DROPPING +4 orcbow.
 10357 | Lair:3   | 10357 ||| UPGRADING to +2 leather armour of poison
                  | resistance.
 10367 | Lair:3   | 10367 ||| READING scroll labelled NYXOET JUITI.
 10367 | Lair:3   | Identified a scroll of acquirement
 10367 | Lair:3   | 10367 ||| ACQUIRING 817 gold pieces
 10367 | Lair:3   | Acquired 817 gold pieces
 10369 | Lair:3   | 10369 ||| READING 4 scrolls of identify.
 10369 | Lair:3   | 10369 ||| IDENTIFYING silvery potion
 10392 | Lair:4   | 10392 ||| INVOKING Heroism.
 10439 | Lair:4   | Noticed a four-headed hydra
 10440 | Lair:4   | 10440 ||| INVOKING Heroism.
 10444 | Lair:4   | Killed a four-headed hydra
 10451 | Lair:4   | Noticed a boulder beetle
 10452 | Lair:4   | 10452 ||| INVOKING Finesse.
 10460 | Lair:4   | Killed a boulder beetle
 10754 | Lair:4   | Found a viscous altar of Jiyva.
 10775 | Lair:4   | Found a staircase to the Slime Pits.
 10840 | Lair:4   | Reached skill level 17 in Ranged Weapons
 10840 | Lair:4   | Reached XP level 13. HP: 93/116 MP: 19/19
 10848 | Lair:4   | 10848 ||| INVOKING Heroism.
 10945 | Lair:4   | 10945 ||| INVOKING Heroism.
 10946 | Lair:4   | 10946 ||| INVOKING Finesse.
 10950 | Lair:4   | Paralysed by a floating eye for 4 turns
 10956 | Lair:4   | Paralysed by a floating eye for 2 turns
 10962 | Lair:4   | Paralysed by a floating eye for 3 turns
 10996 | Lair:4   | 10996 ||| INVOKING Heroism.
 10997 | Lair:4   | 10997 ||| INVOKING Finesse.
 11044 | Lair:4   | 11044 ||| INVOKING Heroism.
 11219 | Lair:4   | 11219 ||| INVOKING Heroism.
 11363 | Lair:4   | 11363 ||| INVOKING Heroism.
 11383 | Lair:4   | HP: 24/116 [death yak (6)]
 11384 | Lair:4   | 11384 ||| READING scroll of teleportation.
 11385 | Lair:4   | 11385 ||| DRINKING 2 potions of heal wounds.
 11387 | Lair:4   | 11387 ||| DRINKING potion of heal wounds.
 11390 | Lair:4   | Reached skill level 18 in Ranged Weapons
 11516 | Lair:4   | 11516 ||| INVOKING Heroism.
 11530 | Lair:4   | 11530 ||| Stepping ~*~*~tactically~*~*~ (cloud).
 11536 | Lair:4   | 11536 ||| INVOKING Finesse.
 11541 | Lair:4   | Reached skill level 12 in Fighting
 11556 | Lair:4   | Identified the scarf "Ydixuhek" {rC+ rF+, *Slow Str+3
                  | Slay+3} (Okawaru gifted it to you on level 4 of the Lair of
                  | Beasts)
 11556 | Lair:4   | Received a gift from Okawaru
 11787 | Lair:4   | 11787 ||| UPGRADING to scarf "Ydixuhek" {rC+ rF+, *Slow
                  | Str+3 Slay+3}.
 11862 | Lair:5   | Entered Level 5 of the Lair of Beasts
 11863 | Lair:5   | 11863 ||| INVOKING Heroism.
 11937 | Lair:5   | Reached skill level 9 in Dodging
 12023 | Lair:5   | 12023 ||| INVOKING Heroism.
 12158 | Lair:5   | 12158 ||| INVOKING Heroism.
 12190 | Lair:5   | 12190 ||| INVOKING Heroism.
 12225 | Lair:5   | 12225 ||| INVOKING Finesse.
 12234 | Lair:5   | Reached skill level 19 in Ranged Weapons
 12496 | Lair:5   | 12496 ||| INVOKING Heroism.
 12505 | Lair:5   | 12505 ||| DRINKING 3 potions of cancellation.
 12565 | Lair:5   | 12565 ||| INVOKING Heroism.
 12568 | Lair:5   | Reached XP level 14. HP: 129/129 MP: 17/20
 12717 | Lair:5   | 12717 ||| DRINKING 2 potions of cancellation.
 12827 | Lair:5   | 12827 ||| INVOKING Heroism.
 12831 | Lair:5   | Mangled by a large abomination

Levels and vault maps discovered:
D:1:      onia_arrival_handbag, layout_rooms, dreamdust_wishing_well
D:2:      minmay_roachtagon, layout_basic, serial_forest,
          infiniplex_forest_end_3, infiniplex_forest_lined_2,
          infiniplex_forest_lined_room_, infiniplex_forest_end_2,
          infiniplex_forest_clump_long, infiniplex_forest_straight_4,
          infiniplex_forest_corner_2, infiniplex_forest_straight_5,
          infiniplex_forest_lined_room_2
D:3:      layout_loops_ring, uniq_natasha, uniq_sigmund
D:4:      layout_gridville, minmay_temple_entry_junction_2, minmay_manual_mullet
D:5:      layout_loops_ring
D:6:      layout_loops_cross
D:7:      layout_rooms, enter_bailey_5, dk_noncrumbling_3
D:8:      layout_cave_pools, serial_shops, nicolae_shop_back_alley_shop,
          nicolae_shop_crystal, shop_coins, shop, nicolae_shop_gibbet_a_chance,
          chequers_big_river, uniq_erica
D:9:      layout_irregular_city, lair_entry_dummy, david_orc_4
Temple:   nicolae_temple_slightly_damp_pantheon
Lair:1:   layout_layer_cave
Lair:2:   layout_regular_city, shoals_dummy_entry,
          hellmonk_spider_entry_life_and_decay, minivault_26,
          grunt_megastairs_4, serial_bayou_shore_b, uniq_amaemon
Lair:3:   layout_regular_city, grunt_megastairs_1, serial_bayou_shore_b
Lair:4:   nzn_winding_woodlands_stair_trap [nzn_winding_woodlands_5x15_zeroes,
          nzn_winding_woodlands_5x15_garden, nzn_winding_woodlands_5x15_pockets,
          nzn_winding_woodlands_15x15_killbox,
          nzn_winding_woodlands_5x15_split_checker,
          nzn_winding_woodlands_5x15_lazy_stream,
          nzn_winding_woodlands_5x15_crooked], layout_loops_ring,
          nicolae_slime_entry_field_trip, disabler_island
Lair:5:   hellmonk_lair_end_abyssal_woods, layout_cave_pods,
          serial_bayou_lagoon_b, serial_bayou_shore_b, serial_bayou_shore_a

Skill      XL: |  1  2  3  4  5  6  7  8  9 10 11 12 13 |
---------------+----------------------------------------+-----
Ranged Weapons | 3 4 5 7 8 10 12 14 15 17 19 | 19.8
Fighting       | 2 3 4 5 6 7 9 10 11 13 | 13.0
Armour         | 1 2 3 4 5 |  5.0
Invocations    | 1 3 4 7 10 | 10.0
Dodging        | 3 5 6 7 8 9 |  9.0
Spellcasting   | |  1.0
Hexes          | |  2.0

Action                     |  1- 3 |  4- 6 |  7- 9 | 10-12 | 13-15 || total
---------------------------+-------+-------+-------+-------+-------++-------
   Fire: Sling             |   154 |   189 |       |       |       ||   343
         Orcbow            |       |    32 |   280 |   681 |       ||   993
         Longbow           |       |       |       |   104 |   419 ||   523
 Invoke: Heroism           |       |       |    13 |    24 |    14 ||    51
         Finesse           |       |       |       |     2 |     4 ||     6
    Use: Scroll            |     1 |     5 |    10 |    14 |     1 ||    31
         Potion            |       |     2 |     1 |     1 |     4 ||     8
 Armour: Robe              |     8 |       |       |    63 |       ||    71
         Ring mail         |    12 |    37 |    45 |       |       ||    94
         Leather armour    |       |       |       |     9 |    52 ||    61
  Dodge: Dodged            |    40 |   101 |    79 |   305 |   182 ||   707

Table legend:
 A = Non-vault XP
 B = Vault XP
 C = Vault XP percentage of total XP
 D = Non-vault monster count
 E = Vault monster count
 F = Vault count percentage of total count
                 A         B        C        D         E       F
            +---------+---------+-------+---------+---------+-------
      Total |   48103 |   25007 |  34.2 |     291 |     120 |  29.2
            +---------+---------+-------+---------+---------+-------
        D:1 |      43 |       5 |  10.4 |      25 |       4 |  13.8
        D:2 |      33 |      22 |  40.0 |      16 |      11 |  40.7
        D:3 |     214 |     267 |  55.5 |      23 |       2 |   8.0
        D:4 |      83 |      17 |  17.0 |      14 |       3 |  17.6
        D:5 |     312 |       0 |   0.0 |      12 |       0 |   0.0
        D:6 |     956 |       0 |   0.0 |      23 |       0 |   0.0
        D:7 |     991 |       7 |   0.7 |      17 |       4 |  19.0
        D:8 |    1482 |     826 |  35.8 |      18 |       1 |   5.3
        D:9 |    1778 |     817 |  31.5 |      15 |      16 |  51.6
     Lair:1 |    4463 |       0 |   0.0 |      22 |       0 |   0.0
     Lair:2 |    6544 |    2656 |  28.9 |      28 |       8 |  22.2
     Lair:3 |    9706 |     737 |   7.1 |      23 |       4 |  14.8
     Lair:4 |   10671 |   10292 |  49.1 |      25 |      32 |  56.1
     Lair:5 |   10827 |    9361 |  46.4 |      30 |      35 |  53.8
            +---------+---------+-------+---------+---------+-------
